 Dungeon Crawl Stone Soup version 0.22-a0-388-g09e6169 (webtiles) character file.

412 erloom the Chopper (level 6, 0/32 HPs)
             Began as a Vine Stalker Fighter on Apr 29, 2018.
             Slain by an ogre
             ... wielding a +0 giant club
              (12 damage)
             ... on level 4 of the Dungeon.
             The game lasted 00:08:00 (2490 turns).

erloom the Chopper (Vine Stalker Fighter)           Turns: 2490, Time: 00:08:01

Health: 0/32       AC: 11    Str: 20    XL:     6   Next: 90%
Magic:  0/7        EV:  9    Int:  8    God:
Gold:   96         SH:  9    Dex: 14    Spells: 5/5 levels left

rFire    . . .     SeeInvis .   a - +2 war axe
rCold    . . .     Gourm    .   c - +0 shield
rNeg     + . .     Faith    .   p - +0 chain mail
rPois    .         Spirit   +   n - +0 helmet
rElec    .         Reflect  .   (no cloak)
rCorr    .         Harm     .   s - +0 pair of gloves
MR       .....                  (no boots)
Stlth    ..........             (no amulet)
HPRegen  0.50/turn              l - ring of positive energy
MPRegen  0.10/turn              q - +4 ring of evasion

@: no status effects
A: fangs 2, regeneration 1, magic shield, antimagic bite, no potion heal 3, rot
immunity
a: no special abilities


You were on level 4 of the Dungeon.
You were hungry.

You visited 1 branch of the dungeon, and saw 4 of its levels.

You collected 96 gold pieces.

Inventory:

Hand Weapons
 a - a +2 war axe (weapon)
 g - a -1 whip
Missiles
 i - 5 javelins (quivered)
Armour
 b - a +0 scale mail
 c - a +0 shield (worn)
 n - a +0 helmet (worn)
 p - a +0 chain mail (worn)
 s - a +0 pair of gloves (worn)
Jewellery
 l - a ring of positive energy (left hand)
 q - a +4 ring of evasion (right hand)
Wands
 e - a wand of enslavement (7)
 t - a wand of iceblast (8)
Scrolls
 o - a scroll of fog {unknown}
 r - a scroll of immolation {unknown}
 u - 3 scrolls of teleportation
Potions
 d - a potion of might
 j - a potion of magic
 k - 2 potions of curing {unknown}
 m - a potion of degeneration
Comestibles
 f - 4 rations
 h - 5 chunks of flesh


   Skills:
 - Level 2.6 Fighting
 + Level 6.5 Axes
 - Level 2.4 Armour
 - Level 2.6 Shields


You had 5 spell levels left.
You didn't know any spells.

Dungeon Overview and Level Annotations

Branches:
Dungeon (4/15)
 Temple: D:4-7

Altars:
Wu Jian


Innate Abilities, Weirdness & Mutations

You have extremely sharp teeth.
Your natural rate of healing is unusually fast.
When hurt, damage is shared between your health and your magic reserves.
Your bite disrupts and absorbs the magic of your enemies.
Potions cannot restore your health.
You are immune to rotting.


Message History

Your shield and chain mail prevent you from hitting the ogre.
Your bite misses the ogre.
The ogre is heavily wounded.
The ogre hits you with a giant club!
You hit the ogre.
The ogre is severely wounded.
The ogre hits you with a giant club!!
* * * LOW HITPOINT WARNING * * *
A hound comes into view.
Some of the chunks of flesh in your inventory have rotted away.
You see here a scorpion corpse.
You hit the ogre. Your bite misses the ogre.
The ogre is severely wounded.
The ogre hits you with a giant club!
* * * LOW HITPOINT WARNING * * *
You are feeling hungry.
You block the ogre's attack. The ogre closely misses you.
The ogre hits you with a giant club!
You die...

.$......#..#
##..........##
.......###.##
#............##
.......# #..#
#.............#
......## ##.##
#.............#
....## #..#
#.............# ...#
##.###.............#
###
##.##...†...>.....#
#.##.O..........##
##.#@...........#
#.#..).........#
##.#...........#
#.##........###
##.##.....###
#..####### ##.##
#### #..# ##....
##.#####....##


You could see an ogre.

Vanquished Creatures
  A phantom (D:4)
  A scorpion (D:4)
  A crimson imp (D:4)
  An orc priest (D:3)
  2 hounds (D:4)
  Robin (D:2)
  An adder (D:3)
  An adder skeleton (D:4)
  5 worms
  5 dart slugs
  5 leopard geckos
  7 orcs
  3 giant cockroaches
  11 goblins
  12 hobgoblins
  5 jackals
  4 kobolds
  3 quokkas
  3 bats
  4 frilled lizards
  A leopard gecko skeleton (D:4)
  6 rats
83 creatures vanquished.

Notes
Turn   | Place    | Note
-------+----------+-------------------------------------------
     0 | D:1      | erloom the Vine Stalker Fighter began the quest for the Orb.
     0 | D:1      | Reached XP level 1. HP: 11/11 MP: 2/2
    10 | D:1      | Reached skill level 2 in Axes
   145 | D:1      | Reached XP level 2. HP: 16/16 MP: 3/3
   438 | D:1      | Reached skill level 3 in Axes
   457 | D:1      | Reached XP level 3. HP: 19/19 MP: 4/4
  1467 | D:2      | Noticed Robin
  1492 | D:2      | Killed Robin
  1492 | D:2      | Gained mutation: Your natural rate of healing is unusually fast. [Vine Stalker growth]
  1492 | D:2      | Reached XP level 4. HP: 7/23 MP: 1/5
  1667 | D:2      | Found an ornate altar of the Wu Jian Council.
  1761 | D:3      | Reached skill level 4 in Axes
  2039 | D:3      | Reached XP level 5. HP: 17/27 MP: 3/6
  2254 | D:4      | Reached skill level 5 in Axes
  2320 | D:4      | Noticed a phantom
  2330 | D:4      | Reached XP level 6. HP: 31/32 MP: 7/7
  2349 | D:4      | Killed a phantom
  2349 | D:4      | Reached skill level 6 in Axes
  2490 | D:4      | Slain by an ogre

Vault maps used:
D:1:      ncdulo_halloftheorcs, columned_hall_lemuel, minmay_tree_intersection,
          minmay_pentomino_w4
D:2:      marbit_many_paths, first_ration, uniq_robin
D:4:      uniq_pikel

Skill      XL: |  1  2  3  4  5  6 |
---------------+-------------------+-----
Axes           | 2 3 4 5 6 |  6.5
Fighting       | |  2.6
Armour         | |  2.4
Shields        | |  2.6

Action                   |  1- 3 |  4- 6 || total
-------------------------+-------+-------++-------
Melee: War axe           |    86 |   148 ||   234
       Bite              |    25 |    41 ||    66
  Use: Scroll            |     5 |     2 ||     7
  Eat: Chunk             |     2 |     3 ||     5
Armor: Scale mail        |    25 |       ||    25
       Chain mail        |    16 |    50 ||    66
Dodge: Dodged            |    20 |    38 ||    58
Block: Shield            |    35 |    70 ||   105

Table legend:
 A = Spawn XP
 B = Non-spawn XP
 C = Spawn XP percentage of total XP
 D = Spawn monster count
 E = Non-spawn monster count
 F = Spawn count percentage of total count
 G = Total turns spent on level
                    A         B        C        D         E        F      G
               +---------+---------+-------+---------+---------+-------+---------
         Total |       0 |     589 |   0.0 |       0 |      83 |   0.0 |  2490
               +---------+---------+-------+---------+---------+-------+---------
           D:1 |       0 |      36 |   0.0 |       0 |      18 |   0.0 |   718
           D:2 |       0 |      62 |   0.0 |       0 |      23 |   0.0 |  1040
           D:3 |       0 |     125 |   0.0 |       0 |      27 |   0.0 |   466
           D:4 |       0 |     366 |   0.0 |       0 |      15 |   0.0 |   266
               +---------+---------+-------+---------+---------+-------+---------
